 Dungeon Crawl Stone Soup version 0.32-a0-872-g59262bdc9b (webtiles) character file.

Game seed: 9630791778287295420

23 jasper the Cudgeller (level 2, 0/29 HPs)
             Began as an Oni Gladiator on Mar 31, 2024.
             Slain by a goblin
             ... wielding a +0 club
              (3 damage)
             ... on level 1 of the Dungeon.
             The game lasted 00:01:27 (473 turns).

jasper the Cudgeller (Oni Gladiator)                 Turns: 473, Time: 00:01:28

Health: 0/29       AC:  3    Str: 17    XL:     2   Next: 95%
Magic:  2/2        EV:  9    Int:  9    God:
Gold:   31         SH:  0    Dex: 10    Spells: 1/1 levels left

rFire   . . .        a - +0 flail
rCold   . . .        (no shield)
rNeg    . . .        b - +0 robe
rPois   .            c - +0 hat
rElec   .            (no cloak)
rCorr   .            (gloves unavailable)
SInv    .            (boots unavailable)
Will    .....        (no amulet)
Stlth   +            (no ring)
HPRegen 0.24/turn    (no ring)
MPRegen 0.08/turn

%: no passive effects
@: no status effects
A: large, unfitting armour, horns 1, tough skin 1, double potion healing,
drunken brawling
a: no special abilities


You were on level 1 of the Dungeon.
You visited 1 branch of the dungeon, and saw 1 of its levels.

You collected 31 gold pieces.

Inventory:

Hand Weapons
 a - a +0 flail (weapon)
Missiles
 d - a throwing net (quivered)
Armour
 b - a +0 robe (worn)
 c - a +0 hat (worn)
Scrolls
 f - 3 scrolls of immolation {unknown}
 j - 3 scrolls of blinking {unknown}
 k - 3 scrolls of revelation {unknown}
 l - a scroll of vulnerability {unknown}
Potions
 g - a potion of attraction {unknown}
 h - 3 potions of curing {unknown}
 i - 2 potions of ambrosia {unknown}


   Skills:
 - Level 2.6 Fighting
 + Level 4.0 Maces & Flails
 - Level 2.0 Throwing
 - Level 2.6 Dodging


You had one spell level left.
You didn't know any spells.
Your spell library was empty.

Dungeon Overview and Level Annotations

Branches:
Dungeon (1/15)

Altars:


Innate Abilities, Weirdness & Mutations

You are too large for most types of armour.
You have a pair of small horns on your head.
You have tough skin. (AC +1)
You gain doubled healing and magic from potions.
Whenever you drink a healing potion, you attack all around you.


Message History

You take 9 damage, and have 20/29 hp.
MASSIVE DAMAGE!!
Throw: large rock
Press: ? - help, Shift-Dir - straight line, f - gnoll
Aim: a gnoll, wielding a +0 spear (58% to hit)
You throw a large rock. The large rock hits the gnoll!
The gnoll is almost dead.
The bat hits you but does no damage. x2; The gnoll hits you with a +0 spear.
The goblin hits you with a +0 club. x2; The gnoll closely misses you.
You take 6 damage, and have 14/29 hp.
MASSIVE DAMAGE!!
Throw: 3 throwing nets
Press: ? - help, Shift-Dir - straight line, f/p - gnoll
Aim: a gnoll, wielding a +0 spear (almost dead, 58% to hit)
You throw a throwing net.
The throwing net closely misses the gnoll.
The bat misses you. The bat hits you but does no damage.
The gnoll barely misses you. The goblin hits you with a +0 club.
You take 2 damage, and have 12/29 hp.
You closely miss the gnoll.
The gnoll is almost dead.
The gnoll hits you with a +0 spear.
* * * LOW HITPOINT WARNING * * *
The goblin hits you with a +0 club.
* * * LOW HITPOINT WARNING * * *
You take 7 damage, and have 5/29 hp.
MASSIVE DAMAGE!!
Throw: 2 throwing nets
Press: ? - help, Shift-Dir - straight line, f/p - gnoll
Aim: a gnoll, wielding a +0 spear (almost dead, 58% to hit)
You throw a throwing net. The throwing net hits the gnoll.
The gnoll is caught in the net!
The gnoll is almost dead.
The bat hits you but does no damage.
The gnoll struggles against the net.
The goblin hits you with a +0 club.
* * * LOW HITPOINT WARNING * * *
You take 2 damage, and have 3/29 hp.
You hit the gnoll.
You kill the gnoll!
The bat hits you.
* * * LOW HITPOINT WARNING * * *
The goblin hits you with a +0 club.
You die...

#+....##....
##..........
#....#.#...#
###....#.#...
##........#..
##+....ß....#.#
#+###.........#.#.#
................@)#
...........####.bg...#
.....#####.# #...#.#:#
.....#####.# #...# .#
#.......##.# ###.# ..
.....##.##.# .. ##
.#.........# #..
..........^# ###
......#.#..#


You could see a goblin and a bat.

Vanquished Creatures
  A gnoll (D:1)
  A dart slug (D:1)
  3 ball pythons (D:1)
  A giant cockroach (D:1)
  2 hobgoblins (D:1)
  5 jackals (D:1)
  2 kobolds (D:1)
  A bat (D:1)
  A frilled lizard (D:1)
  3 rats (D:1)
20 creatures vanquished.

Notes
Turn   | Place    | Note
-------+----------+-------------------------------------------
     0 | D:1      | jasper the Oni Gladiator began the quest for the Orb.
     0 | D:1      | Reached XP level 1. HP: 22/22 MP: 1/1
   132 | D:1      | Reached XP level 2. HP: 27/29 MP: 2/2
   314 | D:1      | Found a faded altar of an unknown god.
   406 | D:1      | Reached skill level 4 in Maces & Flails
   473 | D:1      | Slain by a goblin

Illustrated notes

Levels and vault maps discovered:
D:1:      nicolae_arrival_somewhat_less_tricky_arrival, layout_loops_cross,
          shapermc_ecumenical_altar_mp_highgroup, minmay_misc_feat_roman,
          minmay_box_of_dots

Skill      XL: |  1  2 |
---------------+-------+-----
Maces & Flails | 4 |  4.0
Fighting       | |  2.6
Throwing       | |  2.0
Dodging        | |  2.6

Action                     || total
---------------------------++-------
  Melee: Flail             ||    46
         Headbutt          ||     7
  Throw: Throwing net      ||     2
         Large rock        ||     1
 Armour: Robe              ||    46
  Dodge: Dodged            ||    24

Table legend: (Time is in decaauts)
 A = Elapsed time spent in this place.
 B = Non-inter-level travel time spent in this place.
 C = Inter-level travel time spent in this place.
 D = Time resting spent in this place.
 E = Time spent auto-exploring this place.
 F = Levels seen in this place.
 G = Mean time per level.
                   A        B        C        D        E       F      G
               +--------+--------+--------+--------+--------+-----+--------+
         Total |    485 |    485 |      0 |     64 |    260 |   1 |  485.0 |
       Dungeon |    485 |    485 |      0 |     64 |    260 |   1 |  485.0 |
               +--------+--------+--------+--------+--------+-----+--------+

Top non-repeatable levels by time:
     D:1: 485 daAuts
